 Dungeon Crawl Stone Soup version 0.22-a0-247-gbddf880 (webtiles) character file.

103 M4edhros the Insei (level 4, 0/27 HPs)
             Began as an Octopode Necromancer on Feb 23, 2018.
             Succumbed to an adder's poison
             ... on level 3 of the Dungeon.
             The game lasted 00:05:52 (1104 turns).

M4edhros the Insei (Octopode Necromancer)           Turns: 1104, Time: 00:05:53

Health: 0/27       AC:  1    Str:  7    XL:     4   Next: 79%
Magic:  3/7        EV: 13    Int: 17    God:
Gold:   67         SH:  0    Dex: 13    Spells: 2/7 levels left

rFire    . . .     SeeInvis .     - Unarmed
rCold    . . .     Gourm    .   (no shield)
rNeg     . . .     Faith    .   (helmet restricted)
rPois    .         Spirit   .   (no amulet)
rElec    .         Reflect  .   h - ring of teleportation (curse)
rCorr    .         Harm     .   (no ring)
MR       .....     Rnd*Tele +   (no ring)
Stlth    +++.......             (no ring)
HPRegen  0.09/turn              (no ring)
MPRegen  0.10/turn              (no ring)
                                (no ring)
                                (no ring)

@: lethally poisoned (0 -> -7)
A: almost no armour, stealthy swim, amphibious, 8 rings, constrict 8, camouflage
1, gelatinous body 1
a: no special abilities


You were on level 3 of the Dungeon.
You were hungry.

You visited 1 branch of the dungeon, and saw 3 of its levels.

You collected 67 gold pieces.

Inventory:

Hand Weapons
 b - a +1 hunting sling of flaming
Missiles
 d - 39 stones (quivered)
Jewellery
 h - a cursed ring of teleportation (left tentacle)
Wands
 f - a wand of digging (8)
Scrolls
 e - a scroll of teleportation
Comestibles
 a - 4 rations
 c - 8 chunks of flesh


   Skills:
 - Level 2.0 Dodging
 - Level 2.6 Stealth
 + Level 4.2 Unarmed Combat
 - Level 2.0 Spellcasting
 - Level 4.0 Necromancy


You had 2 spell levels left.
You knew the following spells:

 Your Spells              Type           Power        Failure   Level  Hunger
a - Pain                  Necr           ###.         3%          1    #......
b - Animate Skeleton      Necr           N/A          3%          1    #......
c - Regeneration          Chrm/Necr      #.........   26%         3    ###....


Dungeon Overview and Level Annotations

Branches:
Dungeon (3/15)

Altars:


Innate Abilities, Weirdness & Mutations

You cannot wear most types of armour.
You are very stealthy in the water. (Stealth+)
You are amphibious.
You can wear up to eight rings at the same time.
You can use your tentacles to constrict eight enemies at once.
Your skin changes colour to match your surroundings (Stealth+).
Your rubbery body absorbs attacks. (AC +1, EV +1)


Message History

You barely miss the adder.
The adder is severely wounded.
You constrict the adder.
You feel sick. The adder bites you.
* * * LOW HITPOINT WARNING * * *
You are lethally poisoned!
The adder poisons you!
Unknown command.
You tentacle-slap the adder.
You kill the adder!
Unknown command.
You aren't carrying any potions.
Okay, then.
* * * LOW HITPOINT WARNING * * *
You feel sick.
You see here an adder corpse.
* * * LOW HITPOINT WARNING * * *
You feel sick.
* * * LOW HITPOINT WARNING * * *
You feel sick.
You die...

# #####..##
#@.......
#.####.#### #.#
#....# #.# #.##.#
#†# #.##.# #.#
#.##.# ##.##
#.##.# #...#
#.##<#.####
#.#.###...h..%....


There were no monsters in sight!

Vanquished Creatures
  An iguana (D:3)
  3 adders
  A leopard gecko (D:2)
  8 orcs
  4 hobgoblins
  A ball python (D:1)
  4 bats
  A frilled lizard (D:2)
  2 kobolds
  2 rats
27 creatures vanquished.

Vanquished Creatures (collateral kills)
  An orc priest (D:3)
  A dart slug (D:2)
  2 orcs (D:3)
  A rat (D:1)
5 creatures vanquished.

Grand Total: 32 creatures vanquished

Notes
Turn   | Place    | Note
-------+----------+-------------------------------------------
     0 | D:1      | M4edhros the Octopode Necromancer began the quest for the Orb.
     0 | D:1      | Reached XP level 1. HP: 11/11 MP: 3/3
    87 | D:1      | Reached skill level 1 in Unarmed Combat
    93 | D:1      | Learned a level 1 spell: Animate Skeleton
   298 | D:2      | Reached XP level 2. HP: 9/17 MP: 5/5
   538 | D:3      | Reached XP level 3. HP: 17/21 MP: 6/6
   543 | D:3      | Learned a level 3 spell: Regeneration
  1063 | D:3      | Reached XP level 4. HP: 15/27 MP: 0/7
  1102 | D:3      | HP: 1/27 [poisoned by an adder]
  1104 | D:3      | Succumbed to an adder's poison

Vault maps used:
D:1:      kilobyte_arrival_exit_the_forest, kennysheep_decorative_pillar
D:3:      cheibrodos_pilgrimage, first_ration

Skill      XL: |  1  2  3  4 |
---------------+-------------+-----
Unarmed Combat | 1 2 3 4 |  4.2
Dodging        | |  2.0
Stealth        | |  2.6
Spellcasting   | |  2.0
Necromancy     | |  4.0

Action                   |  1- 3 |  4- 6 || total
-------------------------+-------+-------++-------
Melee: Unarmed           |    63 |    11 ||    74
       Constrict         |    20 |     2 ||    22
       Tentacles         |    12 |       ||    12
       Punch             |     2 |       ||     2
 Fire: Hunting sling     |     4 |       ||     4
 Cast: Pain              |    12 |       ||    12
       Animate Skeleton  |    14 |     2 ||    16
       Regeneration      |     6 |       ||     6
Evoke: Wand              |     1 |     1 ||     2
  Use: Scroll            |     3 |       ||     3
       Potion            |     1 |       ||     1
 Stab: Sleeping          |     6 |     1 ||     7
  Eat: Chunk             |     1 |       ||     1
Armor: Skin              |     8 |     1 ||     9
Dodge: Dodged            |    44 |     4 ||    48

Table legend:
 A = Spawn XP
 B = Non-spawn XP
 C = Spawn XP percentage of total XP
 D = Spawn monster count
 E = Non-spawn monster count
 F = Spawn count percentage of total count
 G = Total turns spent on level
                    A         B        C        D         E        F      G
               +---------+---------+-------+---------+---------+-------+---------
         Total |       0 |     148 |   0.0 |       0 |      32 |   0.0 |  1104
               +---------+---------+-------+---------+---------+-------+---------
           D:1 |       0 |       9 |   0.0 |       0 |       7 |   0.0 |   292
           D:2 |       0 |      34 |   0.0 |       0 |      11 |   0.0 |   476
           D:3 |       0 |     105 |   0.0 |       0 |      14 |   0.0 |   336
               +---------+---------+-------+---------+---------+-------+---------
